 Dungeon Crawl Stone Soup version 0.28.0-45-g0d030f2227 (webtiles) character file.

Game seed: 8304527295891752546

52 zeratav the Insei (level 3, -4/23 HPs)
             Began as an Octopode Transmuter on Apr 8, 2022.
             Slain by Grinder (5 damage)
             ... while paralysed by Grinder
             ... on level 3 of the Dungeon.
             The game lasted 00:02:23 (1916 turns).

zeratav the Insei (Octopode Transmuter)             Turns: 1916, Time: 00:02:23

Health: -4/23      AC:  1    Str:  9    XL:     3   Next: 85%
Magic:  6/6        EV:  2    Int: 15    God:
Gold:   137        SH:  0    Dex: 14    Spells: 5/6 levels left

rFire   . . .      SeeInvis .     - Unarmed
rCold   . . .      Faith    .   (no shield)
rNeg    . . .      Spirit   .   (helmet restricted)
rPois   .          Reflect  .   (no amulet)
rElec   .          Harm     .   (no ring)
rCorr   .          Rampage  .   (no ring)
Will    .....                   (no ring)
Stlth   +++.......              (no ring)
HPRegen 0.07/turn               (no ring)
MPRegen 0.10/turn               (no ring)
                                (no ring)
                                (no ring)

@: paralysed
A: almost no armour, amphibious, 8 rings, camouflage 1, gelatinous body 1,
(nimble swimmer 1), tentacles
a: no special abilities


You were on level 3 of the Dungeon.
You visited 1 branch of the dungeon, and saw 3 of its levels.

You collected 137 gold pieces.


Innate Abilities, Weirdness & Mutations

You cannot wear most types of armour.
You are amphibious.
You can wear up to eight rings at the same time.
Your skin changes colour to match your surroundings (Stealth+).
Your rubbery body absorbs attacks. (AC +1, EV +1)
((You are camouflaged when in or above water. (Stealth+)))
You have tentacles for arms and can constrict up to eight enemies at once.


   Skills:
 + Level 1.5 Fighting
 + Level 2.4 Dodging
 + Level 1.7 Stealth
 * Level 3.6 Unarmed Combat
 - Level 2.0 Spellcasting
 + Level 2.4 Transmutations


You had 5 spell levels left.
You knew the following spells:

 Your Spells              Type           Power      Damage    Failure   Level
a - Beastly Appendage     Tmut           16%        N/A       9%          1

Your spell library contained the following spells:

 Spells                   Type           Power      Damage    Failure   Level
 Wereblood                Tmut           8%         N/A       12%         2
 Blink                    Tloc           2%         N/A       32%         2
 Spider Form              Tmut/Pois      5%         N/A       38%         3
 Lesser Beckoning         Tloc           1%         N/A       54%         3
 Ice Form                 Ice/Tmut       5%         N/A       80%         4
 Manifold Assault         Tloc           1%         N/A       99%         5
 Chain Lightning          Conj/Air       0%         2d1       100%        9
 Fire Storm               Conj/Fire      0%         6d1       100%        9
 Shatter                  Erth           0%         3d5*      100%        9

Inventory:

Scrolls
 a - 2 scrolls of identify {unknown}
 c - a scroll of teleportation {unknown}
 d - a scroll of blinking {unknown}
 f - 2 scrolls of enchant weapon {unknown}
 g - a scroll of immolation {unknown}
 h - a scroll of brand weapon {unknown}
 i - a scroll of summoning {unknown}
Potions
 b - a potion of mutation {unknown}
 e - a potion of heal wounds {unknown}

Dungeon Overview and Level Annotations

Branches:
Dungeon (3/15)

Altars:
Qazlal

Shops:
D:1 ?*([   D:3 (

Annotations:
D:3 Grinder

. #.#.≈.^..^..^....
#.#.#^§§...§##.§...
#.#.#≈##^..§^#.^...
#....^###^.§###....
#....^.§...≈.##..
#####.#...##.#######.
.#.#...#.#........ #.
..∩...5#.#...#....#
#. #...@)......##.#
.. .........##..#..
.. ##
##.####.........#...
#.........#
#####..... .#$.. # #


You could see Grinder.


Message History

You miss the frilled lizard. Your grab misses the frilled lizard.
The frilled lizard barely misses you.
You miss the frilled lizard. You grab the frilled lizard.
You pierce the frilled lizard, but do no damage.
Your transformation is almost over.
You constrict the frilled lizard.
You kill the frilled lizard!
No target in view!
No target in view!
No target in view!
No target in view!
No target in view!
Your tentacle spike disappears.
A rat comes into view.
HP[+2] MP[+1]
Your hp is fully restored (23).
Your mp is fully restored (6).
One of your tentacles grows a vicious spike.
MP[-1]
You lost 1 mp, and now have 5/6 mp.
A jackal comes into view.
A jackal comes into view.
The helpless rat fails to defend itself.
You tentacle-slap the rat.
You kill the rat!
Found a stone staircase leading down.
Your tentacle spike disappears.
The jackal barks!
MP[+1]
Your mp is fully restored (6).
The jackal barely misses you. x2
The jackal barks!
You tentacle-slap the jackal. You grab the jackal.
You constrict the jackal, but do no damage.
The jackal bites you.
You tentacle-slap the jackal.
You kill the jackal!
The jackal bites you.
You barely miss the jackal. Your grab misses the jackal.
The jackal barely misses you.
You miss the jackal. You grab the jackal. You squeeze the jackal.
You constrict the jackal. The jackal closely misses you.
You tentacle-slap the jackal. You squeeze the jackal.
You kill the jackal!
No target in view!
HP[-4]
You take 4 damage, and now have 19/23 hp.
No target in view!
No target in view!
You pick up a book of Spatial Translocations and begin reading...
You add the spells Blink, Lesser Beckoning and Manifold Assault to your library.
HP[+4]
Your hp is fully restored (23).
g - a scroll labelled NOOPEM MUMEYFO
f - 2 scrolls labelled FUSIFA CALAAM (gained 1)
There is a stone staircase leading down here.
Found a stone staircase leading up.
Done exploring.
(D) Dungeon
Where to? (Enter - D:2, ? - help)
There is a stone staircase leading down here.
You climb downwards.
There is a stone staircase leading up here.
You now have 137 gold pieces (gained 16).
You see here a +0 leather armour.
Found a stormy altar of Qazlal.
There is a shaft here.
There is a shaft here.
There is a shaft here.
There is a shaft here.
h - a scroll labelled ZYADOU SUMYU
i - a scroll labelled DOUKOSTR HAAPPO
Found Kips's Weapon Boutique.
You see here a +0 whip {mace}.
One of your tentacles grows a vicious spike.
MP[-1]
You lost 1 mp, and now have 5/6 mp.
Your transformation is almost over.
Grinder comes into view.
Grinder shouts!
MP[+1]
Your mp is fully restored (6).
You tentacle-slap Grinder. You grab Grinder.
You constrict Grinder, but do no damage.
Grinder hits you!
You writhe in agony.
* * * LOW HITPOINT WARNING * * *
HP[-12]
You take 12 damage, and now have 11/23 hp.
MASSIVE DAMAGE!! (PAUSE)
You tentacle-slap Grinder but do no damage.
Your squeeze misses Grinder.
Your tentacle spike disappears.
You constrict Grinder. Grinder gestures at you.
You suddenly lose the ability to move!
You lose your grip on Grinder.
Grinder hits you but does no damage.
Grinder says, "At least Makhleb appreciates what I'm doing."
Grinder hits you!
* * * LOW HITPOINT WARNING * * *
You writhe in agony.
You die...

Skill      XL: |  1  2 |
---------------+-------+-----
Stealth        | 1 |  1.7
Fighting       | |  1.5
Dodging        | |  2.4
Unarmed Combat | |  3.6
Spellcasting   | |  2.0
Transmutations | |  2.4

Action                   || total
-------------------------++-------
Melee: Unarmed           ||    74
       Constrict         ||    21
       Kick              ||    24
       Tentacles         ||     9
       Punch             ||     1
 Cast: Beastly Appendage ||    23
 Stab: Sleeping          ||     5
Armor: Skin              ||     4
Dodge: Dodged            ||    46

Levels and vault maps discovered:
D:1:      amcnicky_arrival_feature_with_door, layout_rooms, serial_shops, shop,
          shop, shop, nicolae_shop_statue_plus
D:2:      layout_basic, chequers_ecumenical_altar_island, hangedman_decor_push,
          kennysheep_another_room, minmay_pentomino_v4
D:3:      layout_rooms, grunt_qazlal_sundering, serial_shops,
          nicolae_shop_crystal, uniq_grinder

Notes
Turn   | Place    | Note
-------+----------+-------------------------------------------
     0 | D:1      | zeratav the Octopode Transmuter began the quest for the
                  | Orb.
     0 | D:1      | Reached XP level 1. HP: 13/13 MP: 3/3
     0 | D:1      | magus.rc [v1.9.6]
    55 | D:1      | Found Lusore Siyrgh's General Store.
   110 | D:1      | You pick up a book of Annihilations and begin reading...
   110 | D:1      | You add the spells Chain Lightning, Fire Storm and Shatter
                  | to your library.
   136 | D:1      | Reached XP level 2. HP: 14/18 MP: 5/5
   284 | D:1      | Found Fur Moxt's Magic Scroll Emporium.
   324 | D:1      | Found Zaafaarr's Weapon Boutique.
   452 | D:1      | Found Rooshaok's Antique Armour Shop.
   629 | D:2      | Reached skill level 1 in Stealth
   724 | D:2      | Found a faded altar of an unknown god.
   734 | D:2      | Reached XP level 3. HP: 18/23 MP: 4/6
  1750 | D:2      | You pick up a book of Spatial Translocations and begin
                  | reading...
  1750 | D:2      | You add the spells Blink, Lesser Beckoning and Manifold
                  | Assault to your library.
  1876 | D:3      | Found a stormy altar of Qazlal.
  1901 | D:3      | Found Kips's Weapon Boutique.
  1912 | D:3      | Noticed Grinder
  1914 | D:3      | Paralysed by Grinder for 3 turns
  1916 | D:3      | HP: 1/23 [Grinder (10)]
  1916 | D:3      | Slain by Grinder

Vanquished Creatures
  An adder (D:2)
  5 ball pythons
  5 endoplasms (D:2)
  2 giant cockroaches
  3 goblins
  4 hobgoblins (D:2)
  2 jackals (D:2)
  A quokka (D:1)
  4 bats
  5 frilled lizards
  4 kobolds
  2 rats (D:2)
38 creatures vanquished.

Table legend:
 A = Non-vault XP
 B = Vault XP
 C = Vault XP percentage of total XP
 D = Non-vault monster count
 E = Vault monster count
 F = Vault count percentage of total count
                 A         B        C        D         E       F
            +---------+---------+-------+---------+---------+-------
      Total |      70 |       5 |   6.7 |      35 |       3 |   7.9
            +---------+---------+-------+---------+---------+-------
        D:1 |      13 |       0 |   0.0 |       8 |       0 |   0.0
        D:2 |      57 |       5 |   8.1 |      27 |       3 |  10.0
            +---------+---------+-------+---------+---------+-------

Illustrated notes

Table legend:
 A = Kills in this place as a percentage of kills in entire the game.
 B = Kills by you in this place as a percentage of kills by you in the entire game.
 C = Kills by friends in this place as a percentage of kills by friends in the entire game.
 D = Other kills in this place as a percentage of other kills in the entire game.
 E = Experience gained in this place as a percentage of experience gained in the entire game.
 F = Experience gained in this place divided by the number of levels of this place that you have seen.
                   A       B       C       D       E      F
               +-------+-------+-------+-------+-------+----------------------
         Total | 100.0 | 100.0 |   N/A |   N/A | 100.0 |  25.0
       Dungeon | 100.0 | 100.0 |   N/A |   N/A | 100.0 |  25.0
               +-------+-------+-------+-------+-------+----------------------

Table legend: (Time is in decaauts)
 A = Elapsed time spent in this place.
 B = Non-inter-level travel time spent in this place.
 C = Inter-level travel time spent in this place.
 D = Time resting spent in this place.
 E = Time spent auto-exploring this place.
 F = Levels seen in this place.
 G = Mean time per level.
                   A        B        C        D        E       F      G
               +--------+--------+--------+--------+--------+-----+--------+
         Total |   1911 |   1890 |     21 |      0 |   1640 |   3 |  637.0 |
       Dungeon |   1911 |   1890 |     21 |      0 |   1640 |   3 |  637.0 |
               +--------+--------+--------+--------+--------+-----+--------+

Top non-repeatable levels by time:
     D:2: 1256 daAuts
     D:1: 609 daAuts
     D:3: 45 daAuts
